 Dungeon Crawl Stone Soup version 0.29-a0-541-gaf1fc19f1b (console) character file.

Game seed: 18431724254746855518

409 om the Insei (level 6, -13/38 HPs)
             Began as an Octopode Transmuter on June 2, 2022.
             Mangled by a gnoll
             ... wielding a +0 halberd
             ... led by a gnoll shaman
              (15 damage)
             ... on level 4 of the Dungeon.
             The game lasted 00:07:22 (3739 turns).

om the Insei (Octopode Transmuter)                  Turns: 3739, Time: 00:07:22

Health: -13/38     AC:  1    Str: 11    XL:     6   Next: 89%
Magic:  18/19      EV: 14    Int: 15    God:
Gold:   152        SH:  0    Dex: 13    Spells: 5/11 levels left

rFire   . . .      SeeInvis .     - Unarmed
rCold   . . .      Faith    .   (no shield)
rNeg    . . .      Spirit   .   (helmet currently unavailable)
rPois   .          Reflect  .   (no amulet)
rElec   .          Harm     .   h - ring of magical power
rCorr   .          Rampage  .   (no ring)
Will    .....                   (no ring)
Stlth   ++........              (no ring)
HPRegen 0.12/turn               (no ring)
MPRegen 0.16/turn               (no ring)
                                (no ring)
                                (no ring)

@: appendages, wereblooded
A: tentacle spike 3, almost no armour, amphibious, 8 rings, camouflage 1,
gelatinous body 1, (nimble swimmer 1), tentacles
a: End Transformation


You were on level 4 of the Dungeon.
One of your tentacles had grown a beastly spike.
You visited 1 branch of the dungeon, and saw 4 of its levels.

You collected 152 gold pieces.

Inventory:

Armour
 b - a +1 hat (melded)
Jewellery
 h - a ring of magical power (left tentacle)
Scrolls
 i - a scroll of magic mapping
Potions
 a - 2 potions of lignification
 c - 2 potions of curing
 d - a potion of magic
 e - a potion of berserk rage
 f - a potion of might
 g - 4 potions of heal wounds


   Skills:
 - Level 1.0 Fighting
 + Level 3.3 Dodging
 * Level 5.0 Unarmed Combat
 - Level 3.0 Spellcasting
 * Level 4.4 Transmutations


You had 5 spell levels left.
You knew the following spells:

 Your Spells              Type           Power      Damage    Failure   Level
a - Beastly Appendage     Tmut           30%        N/A       3%          1
b - Wereblood             Tmut           15%        N/A       4%          2
c - Spider Form           Tmut/Pois      8%         N/A       24%         3

Your spell library contained the following spells:

 Spells                   Type           Power      Damage    Failure   Level
 Gell's Gravitas          Tloc           2%         N/A       52%         3
 Lesser Beckoning         Tloc           2%         N/A       52%         3
 Teleport Other           Tloc           2%         N/A       52%         3
 Ice Form                 Ice/Tmut       8%         N/A       63%         4


Dungeon Overview and Level Annotations

Branches:
Dungeon (4/15)
 Temple: D:4-7

Altars:

Shops:
D:2 (


Innate Abilities, Weirdness & Mutations

One of your tentacles has grown a beastly spike.
You cannot wear most types of armour.
You are amphibious.
You can wear up to eight rings at the same time.
Your skin changes colour to match your surroundings (Stealth+).
Your rubbery body absorbs attacks. (AC +1, EV +1)
((You are camouflaged when in or above water. (Stealth+)))
You have tentacles for arms and can constrict up to eight enemies at once.


Message History

You constrict the gnoll shaman. The gnoll closely misses you.
The gnoll shaman misses you.
The gnoll hits you from afar with a +0 spear.
You tentacle-slap the gnoll shaman.
You feel a bit better.
You kill the gnoll shaman!
The gnoll hits you from afar with a +0 spear!
The gnoll completely misses you.
Things that are here:
a +3 whip; a +0 leather armour You tentacle-slap the gnoll.
You grab the gnoll.
The gnoll is heavily wounded.
You constrict the gnoll. The gnoll hits you with a +0 spear!
The gnoll barely misses you.
You bludgeon the gnoll!
You feel a bit better.
You kill the gnoll!
You tentacle-slap the gnoll. You grab the gnoll.
The gnoll is moderately wounded.
You constrict the gnoll. The gnoll misses you.
You tentacle-slap the gnoll.
You pierce the gnoll.
The gnoll is severely wounded.
You constrict the gnoll. The gnoll hits you with a +0 whip.
You tentacle-slap the gnoll.
The gnoll is almost dead.
You constrict the gnoll.
You feel a bit better.
You kill the gnoll!
You closely miss the gnoll. You grab the gnoll.
You pierce the gnoll, but do no damage.
You constrict the gnoll. You tentacle-slap the gnoll.
You pierce the gnoll, but do no damage.
You squeeze the gnoll.
You feel a bit better.
You kill the gnoll!
Your Unarmed Combat skill increases to level 5!
The gnoll hits you with a +0 halberd!
* * * LOW HITPOINT WARNING * * *
Items here: ))) †††.
You tentacle-slap the gnoll. You grab the gnoll. You squeeze the gnoll!
The gnoll is almost dead.
You howl as the wereblood boils in your veins!
You constrict the gnoll, but do no damage.
The gnoll hits you with a +0 halberd!
You die...

.# .. ###.#### ..
....
####.##.#############
............)@g......
#######.#############
................
#######.#######.
#.#.# #.#.### #.....#
####..#####.
#.....≈≈≈P≈P


You could see a gnoll.

Vanquished Creatures
  Sigmund (D:3)
  A bullfrog (D:4)
  A gnoll shaman (D:4)
  An orc priest (D:3)
  An orc wizard (D:3)
  4 gnolls
  2 adders (D:2)
  2 worms
  4 dart slugs
  An orc (D:3)
  7 endoplasms
  6 goblins
  A hobgoblin (D:1)
  5 kobolds
  A quokka (D:3)
  6 ball pythons
  5 bats
  2 frilled lizards
  4 rats (D:1)
55 creatures vanquished.

Vanquished Creatures (others)
  4 plants (D:4)
4 creatures vanquished.

Grand Total: 59 creatures vanquished

Notes
Turn   | Place    | Note
-------+----------+-------------------------------------------
     0 | D:1      | om the Octopode Transmuter began the quest for the Orb.
     0 | D:1      | Reached XP level 1. HP: 13/13 MP: 3/3
   247 | D:1      | Reached XP level 2. HP: 10/18 MP: 3/5
  1028 | D:1      | Reached XP level 3. HP: 16/23 MP: 4/6
  1544 | D:2      | Found Nussob's Weapon Emporium.
  1598 | D:2      | Learned a level 2 spell: Wereblood
  1602 | D:2      | Learned a level 3 spell: Spider Form
  1605 | D:2      | Found a faded altar of an unknown god.
  2034 | D:2      | Reached XP level 4. HP: 26/28 MP: 5/7
  2480 | D:3      | Noticed Sigmund
  2832 | D:3      | Killed Sigmund
  2833 | D:3      | Reached skill level 4 in Unarmed Combat
  2833 | D:3      | Reached XP level 5. HP: 27/33 MP: 9/9
  3063 | D:3      | Reached XP level 6. HP: 16/38 MP: 10/10
  3738 | D:4      | Reached skill level 5 in Unarmed Combat
  3739 | D:4      | Mangled by a gnoll

Illustrated notes

Levels and vault maps discovered:
D:1:      saegor_arrival_miasma, layout_loops_ring, kennysheep_nondescript,
          skrybe_limestone_x, grunt_decor_one_mirror, minmay_misc_feat_cross
D:2:      layout_basic, serial_shops, nicolae_shop_bloodbath_and_beyond,
          ebering_ecumenical_altar_petrified
D:3:      layout_loops_corners, amcnicky_mini_corridor_feature,
          hangedman_abyss_or_decor_stabs, uniq_sigmund
D:4:      layout_basic, serial_bayou, serial_bayou_shore_b,
          serial_bayou_shore_a, serial_bayou_crossing, serial_bayou_pond_e,
          serial_bayou_pond_b

Skill      XL: |  1  2  3  4  5  6 |
---------------+-------------------+-----
Transmutations | 3 4 |  4.4
Dodging        | 3 |  3.3
Unarmed Combat | 4 5 |  5.0
Spellcasting   | 3 |  3.0
Fighting       | |  1.0

Action                   |  1- 3 |  4- 6 || total
-------------------------+-------+-------++-------
Melee: Unarmed           |    61 |    44 ||   105
       Tentacles         |    15 |     8 ||    23
       Kick              |    16 |    19 ||    35
       Constrict         |    14 |    13 ||    27
       Punch             |     1 |       ||     1
 Cast: Beastly Appendage |    27 |    17 ||    44
       Wereblood         |       |     3 ||     3
  Use: Scroll            |     4 |     6 ||    10
 Stab: Sleeping          |     9 |     1 ||    10
Armor: Skin              |     7 |     1 ||     8
Dodge: Dodged            |    42 |    26 ||    68

Table legend: (Time is in decaauts)
 A = Elapsed time spent in this place.
 B = Non-inter-level travel time spent in this place.
 C = Inter-level travel time spent in this place.
 D = Time resting spent in this place.
 E = Time spent auto-exploring this place.
 F = Levels seen in this place.
 G = Mean time per level.
                   A        B        C        D        E       F      G
               +--------+--------+--------+--------+--------+-----+--------+
         Total |   3730 |   3606 |    124 |    661 |   2436 |   4 |  932.5 |
       Dungeon |   3730 |   3606 |    124 |    661 |   2436 |   4 |  932.5 |
               +--------+--------+--------+--------+--------+-----+--------+

Top non-repeatable levels by time:
     D:1: 1369 daAuts
     D:3: 1336 daAuts
     D:2: 799 daAuts
     D:4: 225 daAuts
